| TOP OF THE 1ST |
|
Colorado Rockies batting - Pitching for San Diego Padres : LHP Matt Wheeler
|
|
Pitching: LHP Matt Wheeler
|
|
|
Batting: LHB Freddy Troncoso
|
0-0: Ball 1-0: SINGLE (Groundball, 6, EV 109.4 MPH)
|
|
Batting: RHB Joel Haycock
|
0-0: Foul Ball, location: 2F 0-1: Called Strike Freddy Troncoso steals 2nd base 0-2: Ball 1-2: Foul Ball, location: 2F 1-2: Strikes out swinging
|
|
Batting: RHB Henry Alvizo
|
0-0: Ball 1-0: Ball 2-0: Called Strike 2-1: Ball 3-1: Called Strike 3-2: Strikes out looking
|
|
Batting: RHB Jason Andrews
|
0-0: Called Strike 0-1: Ball 1-1: Ball 2-1: Foul Ball, location: 2F 2-2: Ball 3-2: Ground out 4-3 (Groundball, 4S, EV 93.8 MPH)
|
| Top of the 1st over - 0 runs, 1 hit, 0 errors, 1 left on base; Colorado 0 - San Diego 0 |
| BOTTOM OF THE 1ST |
|
San Diego Padres batting - Pitching for Colorado Rockies : RHP Gabe Stokes
|
|
Pitching: RHP Gabe Stokes
|
|
|
Batting: LHB Ryan Flynn Jr.
|
0-0: Ball 1-0: Ball 2-0: Called Strike 2-1: Called Strike 2-2: DOUBLE (Flyball, 8LD, EV 91.2 MPH)
|
|
Batting: LHB Aaron LeBlanc
|
0-0: Ball 1-0: Ball 2-0: Swinging Strike 2-1: Ball 3-1: Foul Ball, location: 2F 3-2: Base on Balls
|
|
Batting: RHB Manny Vergara
|
0-0: Ball 1-0: Foul Ball, location: 2F 1-1: Ball 2-1: Foul Ball, location: 2F 2-2: Strikes out looking
|
|
Batting: LHB Mike Holt
|
0-0: Called Strike 0-1: Foul Ball, location: 2F 0-2: Strikes out swinging
|
|
Batting: RHB Kaeo Zirpoli
|
0-0: Called Strike 0-1: Called Strike 0-2: Ball 1-2: Strikes out swinging
|
| Bottom of the 1st over - 0 runs, 1 hit, 0 errors, 2 left on base; Colorado 0 - San Diego 0 |
| TOP OF THE 2ND |
|
Colorado Rockies batting - Pitching for San Diego Padres : LHP Matt Wheeler
|
|
Batting: SHB Eddie Quinones
|
0-0: Ball 1-0: Called Strike 1-1: Ground out 6-3 (Groundball, 6, EV 85.0 MPH)
|
|
Batting: SHB Billy Encinias
|
0-0: Ground out 1-3 (Groundball, 25, EV 65.0 MPH)
|
|
Batting: SHB Jon Munoz
|
0-0: Foul Ball, location: 2F 0-1: Ball 1-1: Called Strike 1-2: Ball 2-2: Ball 3-2: Base on Balls
|
|
Batting: LHB Greg Valenzuela
|
0-0: Ground out 4-3 (Groundball, 4, EV 108.8 MPH)
|
| Top of the 2nd over - 0 runs, 0 hits, 0 errors, 1 left on base; Colorado 0 - San Diego 0 |
| BOTTOM OF THE 2ND |
|
San Diego Padres batting - Pitching for Colorado Rockies : RHP Gabe Stokes
|
|
Batting: RHB Elijah Campbell
|
0-0: Called Strike 0-1: Swinging Strike 0-2: Ball 1-2: DOUBLE (Line Drive, 78D, EV 104.4 MPH)
|
|
Batting: LHB Angel Mejia
|
0-0: Ground out U3 (Groundball, 3, EV 89.4 MPH) Elijah Campbell to third
|
|
Batting: LHB Carlos Cuellar
|
0-0: Fly out, F7 (Flyball, 7, EV 92.5 MPH) Runner from 3rd tags up, SCORES, throw by LF
|
|
Batting: RHB Brian DeVoe
|
0-0: Foul Ball, location: 2F 0-1: Swinging Strike 0-2: Ball 1-2: Ball 2-2: Strikes out swinging
|
| Bottom of the 2nd over - 1 run, 1 hit, 0 errors, 0 left on base; Colorado 0 - San Diego 1 |
| TOP OF THE 3RD |
|
Colorado Rockies batting - Pitching for San Diego Padres : LHP Matt Wheeler
|
|
Batting: RHB Eduardo Camacho
|
0-0: SINGLE (Groundball, 56D, EV 90.0 MPH) (infield hit)
|
|
Batting: LHB Freddy Troncoso
|
0-0: Ball 1-0: Fly out, F6 (Popup, 4M, EV 50.0 MPH)
|
|
Batting: RHB Joel Haycock
|
0-0: Fly out, F8 (Flyball, 78S, EV 89.4 MPH)
|
|
Batting: RHB Henry Alvizo
|
0-0: Called Strike 0-1: Ball 1-1: SINGLE (Groundball, 34D, EV 98.1 MPH) Eduardo Camacho to second Runner from 2nd tries for 3rd, SAFE, no throw by RF
|
|
Batting: RHB Jason Andrews
|
0-0: Foul Ball, location: 2F 0-1: 3-RUN HOME RUN (Flyball, 9LD, EV 94.4 MPH), Distance : 355 ft
|
|
Batting: SHB Eddie Quinones
|
0-0: Fly out, F8 (Flyball, 8RD, EV 98.8 MPH)
|
| Top of the 3rd over - 3 runs, 3 hits, 0 errors, 0 left on base; Colorado 3 - San Diego 1 |
| BOTTOM OF THE 3RD |
|
San Diego Padres batting - Pitching for Colorado Rockies : RHP Gabe Stokes
|
|
Batting: LHB Ryan Flynn Jr.
|
0-0: Called Strike 0-1: Foul Ball, location: 2F 0-2: Strikes out looking
|
|
Batting: LHB Aaron LeBlanc
|
0-0: Ball 1-0: Fly out, F7 (Flyball, 7, EV 88.1 MPH)
|
|
Batting: RHB Manny Vergara
|
0-0: Called Strike 0-1: Foul Ball, location: 2F 0-2: Ball 1-2: Ball 2-2: Ball 3-2: DOUBLE (Line Drive, 78D, EV 102.5 MPH)
|
|
Pitching: RHP Nate Dallman
|
|
|
Batting: LHB Mike Holt
|
0-0: Ground out 4-3 (Groundball, 4, EV 79.4 MPH)
|
| Bottom of the 3rd over - 0 runs, 1 hit, 0 errors, 1 left on base; Colorado 3 - San Diego 1 |
| TOP OF THE 4TH |
|
Colorado Rockies batting - Pitching for San Diego Padres : LHP Matt Wheeler
|
|
Batting: SHB Billy Encinias
|
0-0: Foul Ball, location: 2F 0-1: Ball 1-1: Foul Ball, location: 2F 1-2: Foul Ball, location: 2F 1-2: Foul Ball, location: 2F 1-2: Ground out 6-3 (Groundball, 6, EV 83.8 MPH)
|
|
Batting: SHB Jon Munoz
|
0-0: Ball 1-0: Ground out 4-3 (Groundball, 4, EV 106.9 MPH)
|
|
Batting: LHB Greg Valenzuela
|
0-0: Ball 1-0: Ball 2-0: Foul Ball, location: 2F 2-1: Ball 3-1: Called Strike 3-2: Foul Ball, location: 2F 3-2: Base on Balls
|
|
Pitching: RHP Nate Mull
|
|
|
Batting: RHB Eduardo Camacho
|
0-0: Swinging Strike 0-1: Foul Ball, location: 2F 0-2: Ball 1-2: Ball 2-2: Strikes out looking
|
| Top of the 4th over - 0 runs, 0 hits, 0 errors, 1 left on base; Colorado 3 - San Diego 1 |
| BOTTOM OF THE 4TH |
|
San Diego Padres batting - Pitching for Colorado Rockies : RHP Nate Dallman
|
|
Batting: RHB Kaeo Zirpoli
|
0-0: Ball 1-0: Called Strike 1-1: Swinging Strike 1-2: Ball 2-2: Ball 3-2: Foul Ball, location: 2F 3-2: Base on Balls
|
|
Batting: RHB Elijah Campbell
|
0-0: Called Strike 0-1: Ball 1-1: Ball 2-1: Called Strike 2-2: Fly out, F9 (Line Drive, 9D, EV 111.2 MPH)
|
|
Batting: LHB Angel Mejia
|
0-0: Ball 1-0: Fielders Choice at 2nd, 1-6 (Groundball, 13S, EV 71.9 MPH)
|
|
Batting: LHB Carlos Cuellar
|
0-0: Ball 1-0: Swinging Strike 1-1: Called Strike 1-2: Ball 2-2: Fielders Choice at 2nd, 6-4 (Groundball, 6, EV 98.8 MPH)
|
| Bottom of the 4th over - 0 runs, 0 hits, 0 errors, 1 left on base; Colorado 3 - San Diego 1 |
| TOP OF THE 5TH |
|
Colorado Rockies batting - Pitching for San Diego Padres : RHP Nate Mull
|
|
Now at 1B: Kaeo Zirpoli
|
|
|
Now at 3B: Rodolfo Rivera
|
|
|
Now in LF: Adam Martin
|
|
|
Batting: LHB Freddy Troncoso
|
0-0: Foul Ball, location: 2F 0-1: Ball 1-1: Swinging Strike 1-2: Ground out U3 (Groundball, 34, EV 80.6 MPH)
|
|
Pinch Hitting: LHB Steve Gilliam
|
0-0: Called Strike 0-1: Foul Ball, location: 2F 0-2: Ball 1-2: Strikes out swinging
|
|
Batting: RHB Henry Alvizo
|
0-0: Called Strike 0-1: Ball 1-1: Fly out, F8 (Flyball, 8LXD, EV 95.6 MPH)
|
| Top of the 5th over - 0 runs, 0 hits, 0 errors, 0 left on base; Colorado 3 - San Diego 1 |
| BOTTOM OF THE 5TH |
|
San Diego Padres batting - Pitching for Colorado Rockies : RHP Nate Dallman
|
|
Pitching: RHP Ricky Lopez
|
|
|
Now at 1B: Steve Gilliam
|
|
|
Batting: RHB Brian DeVoe
|
0-0: Ball 1-0: Ball 2-0: Ball 3-0: SINGLE (Groundball, 4MS, EV 67.5 MPH) (infield hit)
|
|
Batting: LHB Ryan Flynn Jr.
|
0-0: Ball 1-0: Swinging Strike 1-1: Called Strike 1-2: Strikes out swinging
|
|
Batting: SHB Adam Martin
|
0-0: Called Strike 0-1: Ball 1-1: Foul Ball, location: 2F 1-2: TRIPLE (Flyball, 89XD, EV 92.5 MPH) Brian DeVoe scores
|
|
Batting: RHB Manny Vergara
|
0-0: Ball 1-0: Ball 2-0: Called Strike 2-1: Called Strike 2-2: Ball 3-2: Base on Balls
|
|
Batting: LHB Mike Holt
|
0-0: Ball 1-0: Ball 2-0: Ball 3-0: Called Strike 3-1: Called Strike 3-2: Base on Balls Manny Vergara to second
|
|
Batting: RHB Kaeo Zirpoli
|
0-0: Ball 1-0: Called Strike 1-1: Called Strike 1-2: Ball 2-2: Ball 3-2: DOUBLE (Line Drive, 7LM, EV 108.1 MPH) Adam Martin scores Manny Vergara scores Mike Holt to third
|
|
Batting: RHB Rodolfo Rivera
|
0-0: Ball 1-0: Called Strike 1-1: Swinging Strike 1-2: Ball 2-2: Foul Ball, location: 2F 2-2: SINGLE (Groundball, 4S, EV 74.4 MPH) (infield hit) Mike Holt scores Kaeo Zirpoli to third
|
|
Pitching: LHP Randy Rowland
|
|
|
Pinch Hitting: RHB Jose Morrissey
|
0-0: Ball 1-0: Called Strike 1-1: Swinging Strike 1-2: Strikes out swinging
|
|
Batting: LHB Carlos Cuellar
|
0-0: Called Strike 0-1: Ground out 4-3 (Groundball, 34S, EV 91.2 MPH)
|
| Bottom of the 5th over - 4 runs, 4 hits, 0 errors, 2 left on base; Colorado 3 - San Diego 5 |
| TOP OF THE 6TH |
|
Colorado Rockies batting - Pitching for San Diego Padres : RHP Nate Mull
|
|
Now at 2B: Jose Morrissey
|
|
|
Now in CF: Mike Holt
|
|
|
Now in RF: Wally Cangro
|
|
|
Pinch Hitting: LHB Michael Krott
|
0-0: DOUBLE (Line Drive, 78D, EV 101.9 MPH)
|
|
Batting: RHB Sterling Acosta
|
0-0: Called Strike 0-1: Foul Ball, location: 2F 0-2: Ball 1-2: Ball 2-2: Strikes out looking
|
|
Batting: SHB Billy Encinias
|
0-0: Called Strike 0-1: Ball 1-1: Swinging Strike 1-2: Strikes out swinging
|
|
Pinch Hitting: SHB Andy Vivas
|
0-0: Ball 1-0: Called Strike 1-1: Swinging Strike 1-2: Foul Ball, location: 2F 1-2: Ball 2-2: Ball 3-2: Ground out 4-3 (Groundball, 4MS, EV 86.9 MPH)
|
| Top of the 6th over - 0 runs, 1 hit, 0 errors, 1 left on base; Colorado 3 - San Diego 5 |
| BOTTOM OF THE 6TH |
|
San Diego Padres batting - Pitching for Colorado Rockies : LHP Randy Rowland
|
|
Pitching: RHP Tye Dickinson
|
|
|
Now at 2B: Henry Alvizo
|
|
|
Now at 3B: Andy Vivas
|
|
|
Now in LF: Michael Krott
|
|
|
Pinch Hitting: RHB Luis Torres
|
0-0: Called Strike 0-1: Fly out, F8 (Flyball, 8RM, EV 94.4 MPH)
|
|
Batting: RHB Wally Cangro
|
0-0: Swinging Strike 0-1: SINGLE (Line Drive, 3D, EV 98.8 MPH)
|
|
Batting: SHB Adam Martin
|
0-0: Called Strike Wally Cangro steals 2nd base 0-1: Ball 1-1: Foul Ball, location: 2F 1-2: 2-RUN HOME RUN (Flyball, 7LD, EV 100.0 MPH), Distance : 380 ft
|
|
Batting: RHB Manny Vergara
|
0-0: Ball 1-0: Foul Ball, location: 2F 1-1: Ball 2-1: Ground out 1-3 (Groundball, 15S, EV 65.0 MPH)
|
|
Pinch Hitting: SHB Phil Zacharia
|
0-0: Ground out 4-3 (Groundball, 4S, EV 83.8 MPH)
|
| Bottom of the 6th over - 2 runs, 2 hits, 0 errors, 0 left on base; Colorado 3 - San Diego 7 |
| TOP OF THE 7TH |
|
Colorado Rockies batting - Pitching for San Diego Padres : RHP Nate Mull
|
|
Pitching: RHP Ching Ge
|
|
|
Now at C: Hugo MacBeth
|
|
|
Now at SS: Luis Torres
|
|
|
Now in CF: Phil Zacharia
|
|
|
Batting: LHB Greg Valenzuela
|
0-0: Ball 1-0: Swinging Strike 1-1: Swinging Strike 1-2: Ball 2-2: Foul Ball, location: 2F 2-2: Foul Ball, location: 2F 2-2: Strikes out looking
|
|
Pinch Hitting: SHB Chris Besselman
|
0-0: Ball 1-0: Ball 2-0: Ball 3-0: Base on Balls
|
|
Batting: LHB Freddy Troncoso
|
0-0: Ball 1-0: Swinging Strike 1-1: Grounds into double play, 4-6-3 (Groundball, 4, EV 85.0 MPH)
|
| Top of the 7th over - 0 runs, 0 hits, 0 errors, 0 left on base; Colorado 3 - San Diego 7 |
| BOTTOM OF THE 7TH |
|
San Diego Padres batting - Pitching for Colorado Rockies : RHP Tye Dickinson
|
|
Pitching: RHP Ju-zheng Yang
|
|
|
Now at SS: Chris Besselman
|
|
|
Pinch Hitting: RHB Andy Sheridan
|
0-0: Ball 1-0: SINGLE (Groundball, 6, EV 93.8 MPH)
|
|
Batting: RHB Rodolfo Rivera
|
0-0: Swinging Strike 0-1: Grounds into double play, 6-4-3 (Groundball, 6, EV 101.2 MPH)
|
|
Batting: RHB Jose Morrissey
|
0-0: Called Strike 0-1: Called Strike 0-2: Ball 1-2: Ground out 5-3 (Groundball, 56, EV 107.5 MPH)
|
| Bottom of the 7th over - 0 runs, 1 hit, 0 errors, 0 left on base; Colorado 3 - San Diego 7 |
| TOP OF THE 8TH |
|
Colorado Rockies batting - Pitching for San Diego Padres : RHP Ching Ge
|
|
Now at 1B: Andy Sheridan
|
|
|
Batting: LHB Steve Gilliam
|
0-0: Ball 1-0: Ground out 3-1 (Groundball, 34, EV 103.8 MPH)
|
|
Pinch Hitting: LHB Mike Clark
|
0-0: Ball 1-0: Ground out U3 (Groundball, 34S, EV 71.2 MPH)
|
|
Batting: LHB Michael Krott
|
0-0: Called Strike 0-1: Foul Ball, location: 2F 0-2: Fly out, F3 (Line Drive, 3L, EV 71.2 MPH)
|
| Top of the 8th over - 0 runs, 0 hits, 0 errors, 0 left on base; Colorado 3 - San Diego 7 |
| BOTTOM OF THE 8TH |
|
San Diego Padres batting - Pitching for Colorado Rockies : RHP Ju-zheng Yang
|
|
Now at 2B: Mike Clark
|
|
|
Batting: LHB Rogelio Nunez
|
0-0: Foul Ball, location: 2F 0-1: Swinging Strike 0-2: Strikes out swinging
|
|
Batting: RHB Luis Torres
|
0-0: Ground out 6-3 (Groundball, 6, EV 83.8 MPH)
|
|
Batting: RHB Wally Cangro
|
0-0: Foul Ball, location: 2F 0-1: Ball 1-1: SINGLE (Groundball, 13S, EV 65.6 MPH) (infield hit)
|
|
Pinch Hitting: SHB Blake Abbott
|
0-0: Called Strike Wally Cangro is caught stealing 2nd base 2-6
|
| Bottom of the 8th over - 0 runs, 1 hit, 0 errors, 0 left on base; Colorado 3 - San Diego 7 |
| TOP OF THE 9TH |
|
Colorado Rockies batting - Pitching for San Diego Padres : RHP Ching Ge
|
|
Pitching: LHP Ismael Diaz
|
|
|
Now in LF: Blake Abbott
|
|
|
Batting: RHB Sterling Acosta
|
0-0: Ground out 6-3 (Groundball, 6, EV 83.8 MPH)
|
|
Batting: SHB Billy Encinias
|
0-0: Ball 1-0: Ball 2-0: Foul Ball, location: 2F 2-1: Ball 3-1: Base on Balls
|
|
Batting: SHB Andy Vivas
|
0-0: Ball 1-0: Foul Ball, location: 2F 1-1: Swinging Strike 1-2: Ball 2-2: Ball 3-2: Grounds into double play, 5-4-3 (Groundball, 56S, EV 80.6 MPH)
|
| Top of the 9th over - 0 runs, 0 hits, 0 errors, 0 left on base; Colorado 3 - San Diego 7 |
|